 Dungeon Crawl Stone Soup version 0.18.1-48-g4cf74bf (webtiles) character file.

355 RepoMan the Shield-Bearer (level 6, -4/47 HPs)
             Began as a Formicid Fighter on Sept 2, 2016.
             Killed from afar by Dowan (21 damage)
             ... with a shard of ice
             ... on level 4 of the Dungeon.
             The game lasted 00:13:16 (2713 turns).

RepoMan the Shield-Bearer (Formicid Fighter)        Turns: 2713, Time: 00:13:17

Health: -4/47      AC:  9    Str: 26    XL:     6   Next: 95%
Magic:  6/6        EV:  8    Int:  7    God:
Gold:   99         SH: 11    Dex: 12    Spells: 0 memorised, 5 levels left

rFire  . . .     SeeInvis +     a - +0 war axe
rCold  . . .     Gourm    .     b - +0 scale mail
rNeg   . . .     Faith    .     c - +0 shield
rPois  .         Spirit   .     (helmet unavailable)
rElec  .         Dismiss  .     (no cloak)
rCorr  .         Reflect  .     y - +0 pair of gloves
SustAt .         Harm     .     k - +0 pair of boots
MR     .....                    (no amulet)
Stlth  +.........               (no ring)
                                e - ring of stealth

@: mighty, not resistant to hostile enchantments, very unstealthy
A: permanent stasis, dig shafts and tunnels, four strong arms, antennae 3
a: Dig, Shaft Self


You were on level 4 of the Dungeon.
You were not hungry.

You visited 1 branch of the dungeon, and saw 4 of its levels.

You collected 99 gold pieces.

Inventory:

Hand Weapons
 a - a +0 war axe (weapon)
Missiles
 A - 25 bolts
 D - 2 javelins (quivered)
Armour
 b - a +0 scale mail (worn)
 c - a +0 shield (worn)
 k - a +0 pair of boots (worn)
 y - a +0 pair of gloves (worn)
Jewellery
 e - a ring of stealth (left hand)
 n - an uncursed ring of wizardry {unknown}
 u - a cursed ring of teleportation {unknown}
Wands
 E - a wand of flame (25/48)
Scrolls
 g - a scroll of identify {unknown}
 j - 2 scrolls of teleportation {unknown}
 l - a scroll of recharging {unknown}
 v - 3 scrolls of enchant weapon {unknown}
 w - a scroll of blinking {unknown}
 B - a scroll of fog {unknown}
 F - a scroll of amnesia {unknown}
 G - a scroll of random uselessness {unknown}
 I - a scroll of immolation {unknown}
Potions
 h - 2 potions of cancellation {unknown}
 o - 2 potions of heal wounds {unknown}
 p - a potion of invisibility {unknown}
 q - a potion of agility {unknown}
 r - 2 potions of cure mutation {unknown}
 s - a potion of flight {unknown}
 t - a potion of curing {unknown}
 z - a potion of berserk rage {unknown}
 C - a potion of haste {unknown}
Books
 x - a book of Callings

   Spells                             Type                      Level
   a - Summon Small Mammal            Summoning                    1
   b - Call Imp                       Summoning                    2
   c - Call Canine Familiar           Summoning                    3
   d - Summon Guardian Golem          Hexes/Summoning              3
   e - Summon Lightning Spire         Summoning/Air                4
   f - Summon Ice Beast               Ice/Summoning                4
Comestibles
 f - 3 bread rations
 i - 3 meat rations
 m - a royal jelly


   Skills:
 - Level 3.5 Fighting
 * Level 5.6 Axes
 - Level 3.4 Armour
 + Level 5.6 Shields


You had 5 spell levels left.
You didn't know any spells.

Dungeon Overview and Level Annotations

Branches:
Dungeon (4/15)
 Temple: D:4-7

Altars:
Ashenzari
Nemelex Xobeh
The Shining One

Annotations:
D:4 Dowan


Innate Abilities, Weirdness & Mutations

You are under a permanent stasis effect.
You can dig through walls and to a lower floor.
Your four strong arms can wield two-handed weapons with a shield.
You have a pair of large antennae on your head (SInv).


Message History

Dowan is heavily wounded.
Dowan points at you and mumbles some strange words.
The shard of ice hits you!
You barely miss Dowan.
Dowan is heavily wounded.
You block Dowan's attack. x2
You barely miss Dowan.
Dowan is heavily wounded.
You block Dowan's attack. Dowan hits you but does no damage.
You closely miss Dowan.
Dowan is heavily wounded.
Dowan hits you but does no damage. Dowan closely misses you.
You closely miss Dowan.
Dowan is heavily wounded.
Dowan hits you but does no damage. You block Dowan's attack.
You barely miss Dowan.
Dowan is heavily wounded.
Dowan gestures at you while chanting. The shard of ice hits you!
You die...

._.#.......#####
...###.........#
#### ###..####.#
!.#.
####{##.#### .
#. .....#....#
.......(.#.# .
......#.)..#
.....#.##e#.##
.....####@#ยง#
#......#_#
########.# ..e
.#. . .


You could see Dowan.

Vanquished Creatures
  Duvessa (D:4)
  A centaur zombie (D:3)
  2 orc wizards (D:4)
  A worker ant (D:4)
  Robin (D:3)
  6 adders
  2 oozes
  2 worms
  4 dart slugs (D:3)
  3 giant geckos
  2 orcs (D:4)
  7 bats
  A giant cockroach (D:2)
  6 hobgoblins
  6 jackals (D:2)
  A quokka (D:2)
  A ball python (D:2)
  4 giant newts
  8 goblins
  4 kobolds
  8 rats
71 creatures vanquished.

Vanquished Creatures (others)
  A gnoll (D:4)
  A giant gecko (D:4)
  An orc (D:4)
  A quokka (D:4)
4 creatures vanquished.

Grand Total: 75 creatures vanquished

Notes
Turn   | Place    | Note
--------------------------------------------------------------
     0 | D:1      | RepoMan the Formicid Fighter began the quest for the Orb.
     0 | D:1      | Reached XP level 1. HP: 18/18 MP: 1/1
   133 | D:1      | Reached XP level 2. HP: 23/24 MP: 2/2
   655 | D:2      | Reached XP level 3. HP: 25/29 MP: 3/3
  1137 | D:2      | Reached XP level 4. HP: 35/35 MP: 4/4
  1587 | D:3      | Found a glowing golden altar of the Shining One.
  1926 | D:3      | Reached XP level 5. HP: 37/41 MP: 5/5
  1934 | D:3      | Noticed Robin
  1978 | D:3      | Killed Robin
  1978 | D:3      | Reached skill level 5 in Shields
  2502 | D:4      | Reached XP level 6. HP: 32/47 MP: 6/6
  2503 | D:4      | Reached skill level 5 in Axes
  2655 | D:4      | Found a shattered altar of Ashenzari.
  2677 | D:4      | Found a sparkling altar of Nemelex Xobeh.
  2680 | D:4      | Noticed Duvessa
  2682 | D:4      | Noticed Dowan
  2699 | D:4      | Killed Duvessa
  2713 | D:4      | Killed from afar by Dowan

Skill      XL: |  1  2  3  4  5  6 |
---------------+-------------------+-----
Shields        | 4 5 |  5.6
Axes           | 3 4 5 |  5.6
Fighting       | |  3.5
Armour         | |  3.4

Action                   |  1- 3 |  4- 6 || total
-------------------------+-------+-------++-------
Melee: War axe           |    97 |   141 ||   238
Throw: Javelin           |       |     1 ||     1
 Abil: Dig               |       |     2 ||     2
  Use: Potion            |       |     1 ||     1
  Eat: Chunk             |     1 |     5 ||     6
Armor: Scale mail        |    46 |    50 ||    96
Dodge: Dodged            |    30 |    44 ||    74
Block: Shield            |    52 |    68 ||   120
